 Dungeon Crawl Stone Soup version 0.20.1-1-g8b1a95d66d (webtiles) character file.

133 NullDivider the Charlatan (level 5, -1/34 HPs)
             Began as an Octopode Artificer on Nov 24, 2017.
             Was an Initiate of Nemelex Xobeh.
             Slain by a phantom (8 damage)
             ... on level 4 of the Dungeon.
             The game lasted 00:12:17 (3875 turns).

NullDivider the Charlatan (Octopode Artificer)      Turns: 3875, Time: 00:12:18

Health: -1/34      AC:  1    Str: 12    XL:     5   Next: 16%
Magic:  7/7        EV: 14    Int: 13    God:    Nemelex Xobeh [......]
Gold:   117        SH:  0    Dex: 13    Spells: 4/4 levels left

rFire    . . .     SeeInvis .   h - +0 dagger
rCold    . . .     Gourm    .   (no shield)
rNeg     . . .     Faith    .   (helmet restricted)
rPois    .         Spirit   .   (no amulet)
rElec    .         Reflect  .   (no ring)
rCorr    .         Harm     .   (no ring)
MR       .....                  (no ring)
Stlth    +++.......             (no ring)
Regen    0.2/turn               (no ring)
MPRegen  0.1/turn               (no ring)
                                (no ring)
                                (no ring)

@: no status effects
A: almost no armour, stealthy swim, amphibious, 8 rings, constrict 8, camouflage
1, gelatinous body 1
a: Renounce Religion


You were on level 4 of the Dungeon.
You worshipped Nemelex Xobeh.
Nemelex Xobeh was noncommittal.
You were very hungry.

You visited 1 branch of the dungeon, and saw 4 of its levels.

You collected 117 gold pieces.

Inventory:

Hand Weapons
 h - a +0 dagger (weapon)
Wands
 b - a wand of flame (10/48)
 c - a wand of enslavement (15/24)
 d - a wand of random effects (15/48)
Scrolls
 m - a scroll of recharging
 o - a scroll of teleportation
Potions
 a - a potion of flight {unknown}
 g - 3 potions of degeneration {unknown}
 i - 2 potions of might
 j - 2 potions of curing {unknown}
 l - a potion of mutation {unknown}
 n - 2 potions of lignification {unknown}
Comestibles
 f - 4 bread rations
 k - a royal jelly


   Skills:
 + Level 2.0 Fighting
 + Level 2.3 Short Blades
 + Level 2.7 Dodging
 * Level 3.8 Stealth
 + Level 3.9 Evocations


You had 4 spell levels left.
You didn't know any spells.

Dungeon Overview and Level Annotations

Branches:
Dungeon (4/15)
 Temple: D:4-7

Altars:
Nemelex Xobeh


Innate Abilities, Weirdness & Mutations

You cannot wear most types of armour.
You are very stealthy in the water. (Stealth+)
You are amphibious.
You can wear up to eight rings at the same time.
You can use your tentacles to constrict eight enemies at once.
Your skin changes colour to match your surroundings (Stealth+).
Your rubbery body absorbs attacks. (AC +1, EV +1)


Message History

Evoke which item? (* to show all) (? for menu, Esc to quit)
Aiming: Throw Flame
Press: ? - help, Shift-Dir - straight line, f/p - phantom
Aim: a phantom (moderately damaged)
The puff of flame hits the phantom.
The phantom is moderately damaged.
This wand has 11 charges left.
The phantom closely misses you.
Evoke which item? (* to show all) (? for menu, Esc to quit)
Aiming: Throw Flame
Press: ? - help, Shift-Dir - straight line, f/p - phantom
Aim: a phantom (moderately damaged)
The puff of flame misses the phantom.
This wand has 10 charges left.
The phantom hits you!
* * * LOW HITPOINT WARNING * * *
There is a stone staircase leading up here.
You closely miss the phantom.
The phantom is moderately damaged.
The phantom hits you!
You die...
Your body disappears without a glow.

#### #..
#.# #.#
#.#
#.######.#
#..)..@W.#
##########


You could see a phantom.

Vanquished Creatures
  5 adders
  A shadow imp (D:4)
  An ooze (D:3)
  A worm (D:2)
  2 dart slugs (D:1)
  3 leopard geckos
  An orc (D:3)
  6 bats
  4 giant cockroaches
  10 hobgoblins
  4 jackals (D:2)
  A quokka (D:2)
  A ball python (D:3)
  3 frilled lizards (D:1)
  4 goblins
  11 kobolds
  7 rats
65 creatures vanquished.

Notes
Turn   | Place    | Note
-------+----------+-------------------------------------------
     0 | D:1      | NullDivider the Octopode Artificer began the quest for the Orb.
     0 | D:1      | Reached XP level 1. HP: 13/13 MP: 3/3
   838 | D:1      | Reached XP level 2. HP: 18/18 MP: 4/4
  1413 | D:1      | Reached XP level 3. HP: 18/23 MP: 5/5
  2420 | D:2      | Reached XP level 4. HP: 28/28 MP: 6/6
  3080 | D:3      | Found a sparkling altar of Nemelex Xobeh.
  3084 | D:3      | Became a worshipper of Nemelex Xobeh the Trickster
  3387 | D:3      | Reached XP level 5. HP: 25/34 MP: 7/7
  3861 | D:4      | Noticed a phantom
  3875 | D:4      | Slain by a phantom

Skill      XL: |  1  2  3  4  5 |
---------------+----------------+-----
Stealth        | 2 3 |  3.8
Short Blades   | 2 |  2.3
Fighting       | 2 |  2.0
Dodging        | |  2.7
Evocations     | |  3.9

Action                   |  1- 3 |  4- 6 || total
-------------------------+-------+-------++-------
Melee: Short sword       |    24 |       ||    24
       Constrict         |    26 |    11 ||    37
       Tentacles         |    13 |     8 ||    21
       Dagger            |    73 |    56 ||   129
Evoke: Wand              |       |     9 ||     9
  Use: Scroll            |     4 |     3 ||     7
 Stab: Sleeping          |    12 |     9 ||    21
  Eat: Chunk             |     5 |     3 ||     8
Armor: Skin              |     2 |     3 ||     5
Dodge: Dodged            |    51 |    34 ||    85
